 Dungeon Crawl Stone Soup version 0.30-a0-743-gbfdf073431 (webtiles) character file.

Game seed: 2932238088209236804

35 avis the Shooter (level 3, 0/19 (29) HPs)
             Began as a Demigod Hunter on Feb 8, 2023.
             Slain by a necrophage (3 damage)
             ... on level 4 of the Dungeon.
             The game lasted 00:07:05 (1003 turns).

avis the Shooter (Demigod Hunter)                   Turns: 1003, Time: 00:07:06

HP:   0/19 (29)     AC:  3    Str: 12    XL:     3   Next: 4%
MP:   5/5           EV: 13    Int: 11    God:
Gold: 100           SH:  0    Dex: 21    Spells: 2/2 levels left

rFire   . . .      SeeInvis .    a - +0 shortbow
rCold   . . .      Faith    .    (shield currently unavailable)
rNeg    . . .      Spirit   .    c - +0 leather armour
rPois   .          Reflect  .    (no helmet)
rElec   .          Harm     .    (no cloak)
rCorr   .          Rampage  .    (no gloves)
Will    .....                    (no boots)
Stlth   ++                       (no amulet)
HPRegen 0.23/turn                (no ring)
MPRegen 0.09/turn                (no ring)

@: very heavily drained
A: high MP 1, forlorn, divine attributes
a: no special abilities


You were on level 4 of the Dungeon.
You visited 1 branch of the dungeon, and saw 3 of its levels.

You collected 100 gold pieces.

Inventory:

Hand Weapons
 a - a +0 shortbow (weapon)
 b - a +0 dagger
Missiles
 g - 5 javelins
Armour
 c - a +0 leather armour (worn)
Jewellery
 f - an amulet of guardian spirit
Scrolls
 d - a scroll of teleportation {unknown}
 e - a scroll of fog
 h - a scroll of identify {unknown}
 j - 2 scrolls of immolation
 m - a scroll of noise {unknown}
Potions
 i - a potion of lignification {unknown}
 k - a potion of curing
 l - a potion of brilliance {unknown}


   Skills:
 - Level 2.0 Fighting
 - Level 4.0 Ranged Weapons
 * Level 2.8 Dodging
 - Level 0.8 Stealth


You had 2 spell levels left.
You didn't know any spells.
Your spell library was empty.

Dungeon Overview and Level Annotations

Branches:
Dungeon (2/15)


Innate Abilities, Weirdness & Mutations

You have an increased reservoir of magic. (+10% MP)
You shall have no god before yourself.
Your divine heritage dramatically boosts your attributes as you level up.


Message History

Press: ? - help, Q - select action, (/) - cycle Shift-Dir - straight line, f/p - necrophage
Aim: a necrophage (heavily damaged, 65% to hit)
You shoot an arrow.
The arrow hits the necrophage but does no damage.
The necrophage is heavily damaged.
The necrophage hits you.
You feel drained.
Fire: a) +0 shortbow
Press: ? - help, Q - select action, (/) - cycle Shift-Dir - straight line, f/p - necrophage
Aim: a necrophage (heavily damaged, 65% to hit)
You shoot an arrow.
The arrow hits the necrophage but does no damage.
The necrophage is heavily damaged.
The necrophage hits you.
You feel drained.
* * * LOW HITPOINT WARNING * * *
Fire: a) +0 shortbow
Press: ? - help, Q - select action, (/) - cycle Shift-Dir - straight line, f/p - necrophage
Aim: a necrophage (black smoke, heavily damaged, 65% to hit)
You shoot an arrow. The arrow hits the necrophage.
The necrophage is severely damaged.
The necrophage hits you.
* * * LOW HITPOINT WARNING * * *
You feel drained. The necrophage hits you.
* * * LOW HITPOINT WARNING * * *
It was a potion of curing.
You feel better. The necrophage closely misses you.
Fire: a) +0 shortbow
Press: ? - help, Q - select action, (/) - cycle Shift-Dir - straight line, f/p - necrophage
Aim: a necrophage (black smoke, severely damaged, 65% to hit)
You shoot an arrow. The arrow hits the necrophage!
The necrophage is almost destroyed.
The necrophage misses you.
Fire: a) +0 shortbow
Press: ? - help, Q - select action, (/) - cycle Shift-Dir - straight line, f/p - necrophage
Aim: a necrophage (almost destroyed, 65% to hit)
You shoot an arrow.
The arrow hits the necrophage but does no damage.
The necrophage is almost destroyed.
The necrophage hits you.
* * * LOW HITPOINT WARNING * * *
You feel drained.
You die...

## #. #.. .#
#.# ##.#
##.##### ....#
#......# .....
#......# .....#
#..@n..##.....#
#.....§§§.....#
#....§§§#
#......§#
#####§§.# #####


You could see a necrophage.

Vanquished Creatures
  2 dart slugs (D:1)
  2 ball pythons (D:1)
  4 endoplasms (D:1)
  A giant cockroach (D:4)
  4 hobgoblins
  3 quokkas (D:1)
  2 bats (D:1)
  3 frilled lizards
  3 goblins (D:1)
  5 rats (D:1)
29 creatures vanquished.

Notes
Turn   | Place    | Note
-------+----------+-------------------------------------------
     0 | D:1      | avis the Demigod Hunter began the quest for the Orb.
     0 | D:1      | Reached XP level 1. HP: 17/17 MP: 3/3
   176 | D:1      | Reached skill level 4 in Ranged Weapons
   179 | D:1      | Reached XP level 2. HP: 15/24 MP: 4/4
   922 | D:2      | Reached XP level 3. HP: 21/29 MP: 5/5
   977 | D:2      | You fall into a shaft and drop 2 floors!
   985 | D:4      | Noticed a necrophage
  1000 | D:4      | HP: 1/21 [necrophage (2)]
  1003 | D:4      | Slain by a necrophage

Illustrated notes

Levels and vault maps discovered:
D:1:      co_arrival_random_square_maze, layout_loops_ring
D:2:      kennysheep_big_flooded_room, layout_basic, serial_shops, shop,
          nicolae_ecumenical_oubliette, basic_altar, dreamdust_princess_bridge
D:4:      layout_basic, lemuel_zombie_altar_kikubaaqudgha,
          minmay_temple_entry_mini_moons

Skill      XL: |  1  2 |
---------------+-------+-----
Fighting       | 2 |  2.0
Ranged Weapons | 4 |  4.0
Dodging        | 2 |  2.8
Stealth        | |  0.8

Action                     || total
---------------------------++-------
   Fire: Shortbow          ||    79
    Use: Scroll            ||     1
         Potion            ||     1
 Armour: Leather armour    ||    11
  Dodge: Dodged            ||    30

Table legend: (Time is in decaauts)
 A = Elapsed time spent in this place.
 B = Non-inter-level travel time spent in this place.
 C = Inter-level travel time spent in this place.
 D = Time resting spent in this place.
 E = Time spent auto-exploring this place.
 F = Levels seen in this place.
 G = Mean time per level.
                   A        B        C        D        E       F      G
               +--------+--------+--------+--------+--------+-----+--------+
         Total |   1030 |    967 |     63 |     87 |    614 |   3 |  343.3 |
       Dungeon |   1030 |    967 |     63 |     87 |    614 |   3 |  343.3 |
               +--------+--------+--------+--------+--------+-----+--------+

Top non-repeatable levels by time:
     D:1: 929 daAuts
     D:2: 71 daAuts
     D:4: 29 daAuts
